Unix NetHack Version 5.0.0-0 post-release - last build Jun 10 2026 00:39:30 (3ee93aec679c4c4259841fe613dc97188e26a321,branch:main).

Game began 2026-06-24 23:52:35, ended 2026-06-25 00:19:00.

Drastanta, lawful male human Samurai

                          #--------------------------------
                          #|..............................|
                          #|.-----|----------.{..------|-.|
                          #|.|...|..|....|?.|---.|(((|..|.|
                          #|.-...|.{|....|([|  +.|(..|..|.|
        ####*#*#          #|.|----------||..|  |.|.(.|..|.|
        .......#          #|.|....|......-|-----.-|-----|.|
        |......#          #|.|...%).--|-..[..........|..|.|
        |......#          #-.|._..|.|..|-|-..{..-|--.-..|.|
        |......#          #|.|..!(|.|..|..|.....|..|.----.|
        ---|...###  ## #  #|.|-----.|..|..|.....|..|......|
          #################|.|...-..|------|-...|-----|--.|
             #   ##########|.|...|..|  |..!.|...|..|....|.|
             ###      # # #|.|...|..+  |....|...|..|....|.|
          -----|----Yd###  |.-----..---------...-|-------.|
          |.......<.@e## ##|....................[[........|
          |....@....| #    --------------------------------
          |.........| #
          -----------

Drastanta the Ninja    St:13 Dx:16 Co:18 In:8 Wi:8 Ch:9  Lawful
Dlvl:7  $:51 HP:0(71) Pw:23(23) AC:1  Xp:7 T:2815 

Latest messages:
 You hear some noises in the distance.
 You hit the floating eye!
 You are frozen by the floating eye's gaze!
 The little dog bites!
 The little dog bites!
 The little dog bites!
 It misses the little dog.
 It misses the little dog.
 The little dog bites!
 It hits the little dog.
 It misses the little dog.
 The little dog misses it.
 The little dog bites!
 The little dog bites!
 It hits the little dog.
 It misses the little dog.
 The little dog bites!
 The little dog bites!
 It misses the little dog.
 It misses the little dog.
 The little dog bites!
 The little dog bites!
 It hits the little dog.
 It bites the little dog.
 The little dog misses it.
 The little dog bites!
 It misses the little dog.
 It misses the little dog.
 The little dog bites!
 It hits the little dog.
 It misses the little dog.
 The little dog bites it.
 The little dog bites!
 The little dog bites!
 It hits the little dog.
 It misses the little dog.
 The little dog misses!
 The little dog bites!
 It misses the little dog.
 It misses the little dog.
 The little dog bites!
 The little dog bites!
 It misses the little dog.
 It bites the little dog.
 The little dog bites it.
 The little dog bites!
 The little dog bites!
 You die...
 Do you want your possessions identified? [ynq] (y) y
 Do you want to see your attributes? [ynq] (y) q

Inventory:
 Coins    ('$')
  $ - 51 gold pieces
 Weapons  (')')
  d - 37 +0 ya (in quiver)
  c - a +0 yumi (alternate weapon; not wielded)
  a - a +0 katana (weapon in right hand)
  b - a +0 wakizashi
 Armor    ('[')
  I - an uncursed +0 pair of iron shoes (being worn)
  e - an uncursed rustproof +0 splint mail (being worn)
 Comestibles  ('%')
  z - an uncursed gunyoki
  v - an uncursed pear
 Scrolls  ('?')
  i - an uncursed scroll of confuse monster
  J - an uncursed scroll of create monster
  B - an uncursed scroll of destroy armor
  s - an uncursed scroll of enchant weapon
  S - an uncursed scroll of identify
  x - an uncursed scroll of stinking cloud
 Potions  ('!')
  h - 4 uncursed potions of healing
 Rings    ('=')
  P - a blessed +1 ring of protection (on right hand)
 Wands    ('/')
  C - a wand of create monster (0:1)
  k - a blessed wand of speed monster (0:6)
 Tools    ('(')
  A - an empty uncursed sack
  f - an uncursed blindfold
  R - an uncursed magic lamp

Drastanta the Samurai's attributes:

Background:
 You were a Ninja, a level 7 male human Samurai.
 You were lawful, on a mission for Amaterasu Omikami
 who was opposed by Raijin (neutral) and Susanowo (chaotic).
 You were right-handed.
 You were in the Gnomish Mines, on level 7.
 You entered the dungeon 2815 turns ago.
 It was the midnight hour.
 You had 780 experience points, 500 more were needed to attain level 8.

Basics:
 You had 0 out of 71 hit points.
 You had all 23 energy points (spell power).
 Your armor class was 1.
 Your wallet contained 51 zorkmids.
 Autopickup was on for '$' plus thrown.

Final Characteristics:
 Your strength was 13 (peak:15, limit:18/100).
 Your dexterity was 16 (limit:18).
 Your constitution was 18 (limit:18).
 Your intelligence was 8 (limit:18).
 Your wisdom was 8 (limit:18).
 Your charisma was 9 (limit:18).

Final Status:
 You weren't hungry.
 You were unencumbered.
 You were wielding a long sword.
 You were skilled in long sword.

Final Attributes:
 You were piously aligned.
 You had a small defense bonus (+1).
 You were guarded.
 You were fast.
 You are dead.

Miscellaneous:
 You didn't encounter any bones levels.
 Total elapsed playing time was 26 minutes and 25 seconds.

Major events:
 Turn
    1: Drastanta the lawful male human Samurai entered the dungeon
  589: attained the rank of Ronin (level 3)
 1657: entered the Gnomish Mines
 1718: attained the rank of Ninja (level 6)
 2281: reached Mine Town
 2815: killed by a little dog, while frozen by a floating eye's gaze

You didn't know any spells.

Skills:
 Fighting Skills
   martial arts      [Basic]
   two weapon combat [Unskilled]
   riding            [Unskilled]
 Weapon Skills
   dagger            [Unskilled]
   knife             [Unskilled]
   short sword       [Basic]
   broadsword        [Unskilled]
   long sword        [Skilled]
   two-handed sword  [Unskilled]
   saber             [Unskilled]
   flail             [Unskilled]
   quarterstaff      [Unskilled]
   polearms          [Unskilled]
   spear             [Unskilled]
   lance             [Unskilled]
   bow               [Basic]
   shuriken          [Unskilled]
 Spellcasting Skills
   attack spells     [Unskilled]
   divination spells [Unskilled]
   clerical spells   [Unskilled]

Voluntary challenges:
 Character rerolling was not enabled.
 You never genocided any monsters.
 You never polymorphed an object.
 You never changed form.
 You used no wishes.
Achievements:
 You attained the rank of Ronin.
 You entered a shop.
 You entered the Gnomish Mines.
 You attained the rank of Ninja.
 You entered Minetown.
 You entered a temple.

 The Dungeons of Doom: levels 1 to 5
    Level 1:
       A sink.
    Level 2:
       An armor shop.
    Level 3:
       A fountain.
    Level 4:
       Stairs down to The Gnomish Mines.
    Level 5:
 The Gnomish Mines: levels 5 to 7
    Level 5:
    Level 6:
    Level 7: <- You were here.
       Some shops, a temple and an altar, some fountains, a sink.
       Final resting place for
          you, killed by a little dog, while frozen by a floating eye's gaze.


Vanquished creatures:
  a small mimic
  a leather golem
 an owlbear
  a housecat
 an ape
  a wood nymph
  4 Uruk-hai
  2 ponies
  a violet fungus
  3 gnome leaders
  2 gnomish wizards
 an elf zombie
  a straw golem
  4 giant ants
  a little dog
  a dwarf
  2 homunculi
  4 hill orcs
  a monkey
  a wererat
  a werejackal
  2 iguanas
 an acid blob
  a large kobold
  3 cave spiders
  a brown mold
  a red mold
 20 gnomes
  2 gnome zombies
  4 jackals
  2 foxes
  2 goblins
  4 sewer rats
 11 grid bugs
  5 lichens
  a kobold zombie
 10 newts
105 creatures vanquished.

No species were genocided or became extinct.

Game over:
                       ----------
                      /          \
                     /    REST    \
                    /      IN      \
                   /     PEACE      \
                  /                  \
                  |    Drastanta     |
                  |      51 Au       |
                  |   killed by a    |
                  |    little dog    |
                  |                  |
                  |                  |
                  |       2026       |
                 *|     *  *  *      | *
        _________)/\\_//(\/(/\)/\//\/|_)_______

Sayonara Drastanta the Samurai...

You died in The Gnomish Mines on dungeon level 7 with 3486 points,
and 51 pieces of gold, after 2815 moves.
You were level 7 with a maximum of 71 hit points when you died.

